 Dungeon Crawl Stone Soup version 0.29-a0-320-g9f8742066b (webtiles) character file.

Game seed: 3825747879400330358

1077 jmlagarto the Magician (level 8, 0/61 HPs)
             Began as a Deep Elf Fire Elementalist on Apr 2, 2022.
             Was a Priest of Uskayaw.
             Succumbed to a crimson imp's poison
             ... on level 6 of the Dungeon.
             The game lasted 00:15:49 (7141 turns).

jmlagarto the Magician (Deep Elf Fire Elementalist) Turns: 7141, Time: 00:15:50

Health: 0/61       AC:  0    Str:  5    XL:     8   Next: 8%
Magic:  8/19       EV: 23    Int: 23    God:    Uskayaw [***...]
Gold:   255        SH:  0    Dex: 20    Spells: 9/19 levels left

rFire   . . .      SeeInvis .   (weapon currently unavailable)
rCold   . . .      Faith    .   (shield currently unavailable)
rNeg    . . .      Spirit   .   (body armour currently unavailable)
rPois   .          Reflect  .   (helmet currently unavailable)
rElec   .          Harm     .   (cloak currently unavailable)
rCorr   .          Rampage  .   (gloves currently unavailable)
Will    .....                   (boots currently unavailable)
Stlth   ..........              (no amulet)
HPRegen 0.20/turn               (ring currently unavailable)
MPRegen 0.16/turn               (ring currently unavailable)

@: berserking (expiring), lethally poisoned (0 -> -4), bat-form (expiring),
flying, very quick
A: fast, flying, no casting, tiny
a: Renounce Religion, Stomp, Line Pass


You were on level 6 of the Dungeon.
You worshipped Uskayaw.
Uskayaw was noncommittal.
You were a bat.
You visited 1 branch of the dungeon, and saw 7 of its levels.

You collected 281 gold pieces.
You spent 26 gold pieces at shops.

Inventory:

Hand Weapons
 e - a +1 whip of pain
 r - a +2 mace of holy wrath (melded)
Missiles
 A - a throwing net
Armour
 b - a +2 animal skin (melded)
 p - a +0 helmet (melded)
Magical Staves
 y - a staff of death
Jewellery
 c - a ring of protection from fire
 q - a +6 ring of dexterity (melded)
 u - a ring of wizardry (melded)
Wands
 w - a wand of flame (25)
 x - a wand of iceblast (7)
Scrolls
 a - a scroll of amnesia {unknown}
 d - 3 scrolls of enchant weapon
 f - a scroll of teleportation
 h - a scroll of enchant armour
 k - 2 scrolls of blinking
 l - 2 scrolls of vulnerability {unknown}
 m - a scroll of holy word {unknown}
 z - a scroll of summoning {unknown}
Potions
 g - 2 potions of flight {unknown}
 i - a potion of curing
 j - a potion of mutation {unknown}
 n - a potion of heal wounds
 o - 2 potions of might
 s - a potion of ambrosia {unknown}
 t - a potion of haste {unknown}
 v - a potion of degeneration {unknown}


   Skills:
 + Level 1.7 Armour
 + Level 5.5 Dodging
 - Level 5.0 Stealth
 + Level 6.2 Spellcasting
 + Level 4.6 Conjurations
 + Level 5.6 Fire Magic


You had 9 spell levels left.
You knew the following spells:

 Your Spells              Type           Power      Damage    Failure   Level
a - Foxfire               Conj/Fire      100%       2x1d9     1%          1
b - Scorch                Fire           66%        2d8       1%          2
c - Conjure Flame         Conj/Fire      30%        6-21      3%          3
d - Flame Wave            Conj/Fire      30%        2d8       10%         4

Your spell library contained the following spells:

 Spells                   Type           Power      Damage    Failure   Level
 Magic Dart               Conj           100%       1d8       1%          1
 Inner Flame              Hex/Fire       20%        N/A       8%          3
 Call Imp                 Summ           7%         N/A       13%         2
 Mephitic Cloud           Conj/Pois/Air  14%        N/A       13%         3


Dungeon Overview and Level Annotations

Branches:
Dungeon (7/15)
 Temple: D:4-7

Altars:
Ashenzari
Uskayaw
Wu Jian
Xom
The Shining One

Shops:
D:3 *


Message History

The crimson imp hits you with a +0 dagger of chaos.
The crimson imp burns you.
You barely miss the ice beast.
The ice beast is severely wounded.
You barely miss the ice beast.
The ice beast is severely wounded.
The crimson imp blinks!
The ice beast misses you. The crimson imp closely misses you.
You bite the ice beast!
The ice beast is almost dead.
You hit the ice beast.
You kill the ice beast!
The crimson imp hits you with a +0 dagger of chaos.
Space warps horribly around you!!
* * * LOW HITPOINT WARNING * * *
You have reached level 8!
You feel clever.
Unknown command.
You are too berserk!
You are too berserk!
You are too berserk!
You closely miss the crimson imp. You bite the crimson imp!
The crimson imp is severely wounded.
Your transformation is almost over.
The crimson imp blinks!
The crimson imp completely misses you.
You can now pass through a line of other dancers.
Unknown command.
You bite the crimson imp!
You kill the crimson imp!
The crimson imp blinks!
The crimson imp throws a poisoned dart.
The poisoned dart hits you.
You are lethally poisoned!
Uskayaw will force your foes to helplessly watch your dance.
Uskayaw prepares the audience for your solo!
Okay, then.
* * * LOW HITPOINT WARNING * * *
You feel sick.
You feel a strong urge to attack something.
You die...

#)# #.#
####)####.####.
####.÷............
#........###..####
###'#####...........
^...^.##.####..####
###._.####.# ##..#
#.^...^.#..# #...#
####b####### #)#.#
#...)...# #.#.#
###.§5#.###.#.#
##..........#
#.##..##..###..
#.5............
####...######..
#...# #...#


You could see 2 crimson imps.

Vanquished Creatures
  A water moccasin (D:7)
  An ice beast (D:6)
  A black bear (D:3)
  A phantom (D:4)
  A necrophage (D:4)
  A bullfrog (D:6)
  A howler monkey (D:4)
  A crimson imp (D:6)
  An orc priest (D:3)
  A hound (D:5)
  2 jellies (D:5)
  A gnoll shaman (D:6)
  4 iguanas
  An orc wizard (D:5)
  Robin (D:2)
  5 gnolls
  2 adders
  2 shadow imps
  An adder skeleton (D:2)
  An adder zombie (D:2)
  15 orcs
  7 bats
  A bat skeleton (D:2)
  2 bat zombies (D:2)
  10 endoplasms
  5 giant cockroaches
  15 goblins
  11 hobgoblins
  2 jackals (D:1)
  13 kobolds
  2 quokkas (D:1)
  7 ball pythons
  A frilled lizard (D:2)
  5 rats
126 creatures vanquished.

Vanquished Creatures (collateral kills)
  4 foxfires
4 creatures vanquished.

Vanquished Creatures (others)
  340 foxfires
  5 plants (D:3)
  A withered plant (D:2)
346 creatures vanquished.

Grand Total: 476 creatures vanquished

Notes
Turn   | Place    | Note
-------+----------+-------------------------------------------
     0 | D:1      | jmlagarto the Deep Elf Fire Elementalist began the quest
                  | for the Orb.
     0 | D:1      | Reached XP level 1. HP: 10/10 MP: 6/6
   627 | D:1      | Reached XP level 2. HP: 15/15 MP: 5/8
  1483 | D:1      | Reached XP level 3. HP: 19/19 MP: 5/9
  2210 | D:2      | Learned a level 2 spell: Scorch
  2214 | D:2      | Learned a level 3 spell: Conjure Flame
  2541 | D:2      | Reached XP level 4. HP: 24/24 MP: 5/11
  2868 | D:2      | Noticed Robin
  2886 | D:2      | Killed Robin
  3197 | D:3      | Found Gunlue's General Store.
  3201 | D:3      | Bought a scroll of identify for 26 gold pieces
  3672 | D:3      | Reached skill level 4 in Spellcasting
  3740 | D:3      | Reached XP level 5. HP: 28/28 MP: 8/13
  3944 | D:3      | Found a glowing golden altar of the Shining One.
  4012 | D:3      | Found a faded altar of an unknown god.
  4533 | D:3      | Found an ornate altar of the Wu Jian Council.
  4609 | D:3      | Prayed at the altar of an unknown god.
  4609 | D:3      | Became a worshipper of Uskayaw the Reveller
  4609 | D:3      | Reached * piety under Uskayaw
  4819 | D:4      | Noticed a black bear
  4842 | D:3      | Reached ** piety under Uskayaw
  4843 | D:3      | Killed a black bear
  4844 | D:3      | Reached XP level 6. HP: 8/32 MP: 7/14
  5348 | D:4      | Found a broken altar of Ashenzari.
  5397 | D:4      | Reached *** piety under Uskayaw
  5403 | D:4      | Reached **** piety under Uskayaw
  5406 | D:4      | Reached ***** piety under Uskayaw
  5408 | D:4      | HP: 1/32 [phantom (2)]
  5821 | D:4      | Reached skill level 5 in Spellcasting
  6166 | D:5      | Entered Level 5 of the Dungeon
  6260 | D:5      | Learned a level 4 spell: Flame Wave
  6296 | D:5      | Reached skill level 5 in Stealth
  6296 | D:5      | Reached XP level 7. HP: 36/36 MP: 12/16
  6488 | D:5      | Reached skill level 5 in Fire Magic
  6718 | D:5      | You fall into a shaft and drop 2 floors!
  6772 | D:6      | Reached skill level 5 in Dodging
  6788 | D:6      | Reached skill level 1 in Armour
  7008 | D:6      | Reached skill level 6 in Spellcasting
  7124 | D:6      | Found a shimmering altar of Xom.
  7135 | D:6      | HP: 1/54 [crimson imp/+0 dagger of chaos (20)]
  7136 | D:6      | Reached XP level 8. HP: 2/41 MP: 8/19
  7141 | D:6      | Succumbed to a crimson imp's poison

Illustrated notes

Levels and vault maps discovered:
D:1:      minmay_arrival_solitary_statue, layout_loops_ring
D:2:      layout_loops_ring, serial_undead, serial_undead_c, serial_undead_d,
          serial_undead_e, serial_undead_e, serial_undead_b, uniq_robin
D:3:      minmay_spotlight, layout_loops_cross, lemuel_coloured_pillars_altar,
          mainiacjoe_overflow_cross_hatched, serial_shops,
          nicolae_shop_hallway_stairs, hellmonk_ecumenical_altar_inner_sanctum
D:4:      layout_basic, mainiacjoe_overflow_24_doors, minmay_increasing_density
D:5:      layout_loops_ring, minmay_temple_entry_grid
D:6:      layout_loops_ring, mainiacjoe_overflow_catch_the_wave, led_xom_imps,
          nicolae_vehumet_altar_sigil, kennysheep_another_room,
          amcnicky_mini_corridor_feature, chequers_mini_garden
D:7:      minmay_evil_eye, layout_basic, uniq_crazy_yiuf_cottage

Skill      XL: |  1  2  3  4  5  6  7 |
---------------+----------------------+-----
Stealth        | 3 4 5 |  5.0
Dodging        | 3 4 5 |  5.5
Conjurations   | 2 3 4 |  4.6
Spellcasting   | 4 5 6 |  6.2
Fire Magic     | 4 5 |  5.6
Armour         | 1 |  1.7

Action                   |  1- 3 |  4- 6 |  7- 9 || total
-------------------------+-------+-------+-------++-------
Melee: Whip              |     5 |       |       ||     5
       Short sword       |     5 |       |       ||     5
       Mace              |       |     3 |       ||     3
       Unarmed           |       |       |    10 ||    10
 Cast: Foxfire           |    99 |   104 |    23 ||   226
       Scorch            |     3 |    40 |    17 ||    60
       Flame Wave        |       |       |     4 ||     4
Invok: Stomp             |       |     1 |       ||     1
  Use: Potion            |     1 |     3 |       ||     4
       Scroll            |       |     7 |       ||     7
Armor: Robe              |    13 |     1 |       ||    14
       Animal skin       |       |    15 |     8 ||    23
Dodge: Dodged            |    37 |    33 |    28 ||    98

Table legend: (Time is in decaauts)
 A = Elapsed time spent in this place.
 B = Non-inter-level travel time spent in this place.
 C = Inter-level travel time spent in this place.
 D = Time resting spent in this place.
 E = Time spent auto-exploring this place.
 F = Levels seen in this place.
 G = Mean time per level.
                   A        B        C        D        E       F      G
               +--------+--------+--------+--------+--------+-----+--------+
         Total |   7132 |   6845 |    287 |     25 |   5863 |   7 | 1018.9 |
       Dungeon |   7132 |   6845 |    287 |     25 |   5863 |   7 | 1018.9 |
               +--------+--------+--------+--------+--------+-----+--------+

Top non-repeatable levels by time:
     D:1: 1929 daAuts
     D:3: 1743 daAuts
     D:4: 1280 daAuts
     D:2: 1267 daAuts
     D:5: 498 daAuts
     D:7: 225 daAuts
     D:6: 188 daAuts
